 Dungeon Crawl Stone Soup version 0.27.0-1-g7a089689b8 (webtiles) character file.

Game seed: 7544387486281992997

2409 mainiacjoe the Summoner (level 9, 0/94 HPs)
             Began as a Demigod Summoner on Aug 11, 2021.
             Slain by a yak (1 damage)
             ... on level 9 of the Dungeon.
             The game lasted 00:38:32 (12200 turns).

mainiacjoe the Summoner (Demigod Summoner)         Turns: 12200, Time: 00:38:32

Health: 0/94       AC: 24    Str:  9    XL:     9   Next: 3%
Magic:  2/18       EV:  2    Int: 29    God:
Gold:   269        SH:  0    Dex: 14    Spells: 1/16 levels left

rFire    . . .     SeeInvis .   b - +5 dire flail
rCold    . . .     Faith    .   (shield currently unavailable)
rNeg     + + +     Spirit   .   (armour currently unavailable)
rPois    +         Reflect  .   (helmet currently unavailable)
rElec    .         Harm     .   (cloak currently unavailable)
rCorr    .         Rampage  .   (gloves currently unavailable)
Will     .....     NoTele   +   (boots currently unavailable)
Stlth    ++........             D - amulet of the acrobat
HPRegen  0.25/turn              (no ring)
MPRegen  0.16/turn              (no ring)

@: tree-form, very slightly contaminated
A: stationary, stasis, torment immunity, boosted hp, high mp 1, forlorn
a: no special abilities


You were on level 9 of the Dungeon.
You were a tree.
You visited 1 branch of the dungeon, and saw 9 of its levels.

You collected 269 gold pieces.

Inventory:

Hand Weapons
 a - a +3 halberd of freezing
 b - a +5 dire flail (weapon)
 y - a +0 hand crossbow
Missiles
 c - 99 arrows
 i - 27 bolts
 o - 110 sling bullets
 q - 196 stones
 A - 2 throwing nets {=F}
 C - 6 poisoned darts (quivered)
Armour
 g - a +0 robe
 m - a +0 helmet (melded)
 r - a +2 robe of willpower (melded) {Sigmund}
 w - a +2 robe of the Archmagi {Pikel}
Jewellery
 D - an amulet of the acrobat (around neck)
Wands
 k - a wand of polymorph (7)
 l - a wand of iceblast (27)
 s - a wand of mindburst (7)
Scrolls
 e - 2 scrolls of teleportation
 f - a scroll of amnesia
 j - a scroll of blinking
 n - a scroll of enchant weapon {unknown}
 p - a scroll of holy word {unknown}
 u - a scroll of summoning
 x - a scroll of magic mapping {unknown}
 z - a scroll of fear {unknown}
 B - a scroll of immolation
 E - a scroll of noise {unknown}
Potions
 d - 2 potions of attraction
 t - 2 potions of curing
 v - 3 potions of brilliance
 F - a potion of haste {unknown}
 G - a potion of might


   Skills:
 - Level 0.3 Fighting
 - Level 1.9 Dodging
 - Level 1.7 Stealth
 - Level 4.0 Spellcasting
 + Level 10.9 Summonings
 - Level 2.0 Air Magic


You had one spell level left.
You knew the following spells:

 Your Spells              Type           Power      Damage    Failure   Level
a - Summon Lightning Spi  Summ/Air       43%        N/A       4%          4
b - Call Imp              Summ           62%        N/A       1%          2
c - Call Canine Familiar  Summ           62%        N/A       1%          3
d - Shadow Creatures      Summ           N/A        N/A       12%         6

Your spell library contained the following spells:

 Spells                   Type           Power      Damage    Failure   Level
 Summon Small Mammal      Summ           100%       N/A       1%          1
 Beastly Appendage        Tmut           10%        N/A       7%          1
 Foxfire                  Conj/Fire      20%        2x1d5     7%          1
 Summon Guardian Golem    Hex/Summ       37%        N/A       2%          3
 Ensorcelled Hibernation  Hex/Ice        10%        N/A       11%         2
 Wereblood                Tmut           5%         N/A       11%         2
 Conjure Flame            Conj/Fire      5%         6-21      21%         3
 Gell's Gravitas          Tloc           2%         N/A       21%         3
 Inner Flame              Hex/Fire       5%         N/A       21%         3
 Spider Form              Tmut/Pois      2%         N/A       21%         3
 Teleport Other           Tloc           5%         N/A       21%         3
 Dispersal                Tloc           2%         N/A       100%        6


Dungeon Overview and Level Annotations

Branches:
Dungeon (9/15)             Temple (0/1) D:4
   Lair: D:8-11         Orc: D:9-12

Annotations:
D:5 4 runed translucent doors, exclusion: 3 doors, Crazy Yiuf; SunEater's ghost, novice MiFi
D:6 exclusion: 2 electric eels


Innate Abilities, Weirdness & Mutations

You are a tree.
Your roots penetrate the ground, keeping you stationary.
You cannot be teleported.
You are immune to unholy pain and torment.
Your maximum health is greatly increased.
Your equipment is partially melded.
Your attributes grow dramatically as you level up.
You have an increased reservoir of magic. (+10% MP)
You shall have no god before yourself.


Message History

Your lightning spire shoots out a bolt of lightning at the centaur!
The bolt of electricity hits the centaur!
The centaur dies!
The bolt of electricity hits the yak!
You have reached level 9!
Your experience leads to a dramatic increase in your attributes!
Increase (S)trength, (I)ntelligence, or (D)exterity?
You feel clever. x4
Casting: Call Imp (safe; 1% risk of failure)
Confirm with . or Enter, or press ? or * to list all spells.
The spell is quite dangerous to cast (12% risk of failure)!
Continue anyway?
You miscast Shadow Creatures.
You are very lightly contaminated with residual magic.
Nothing appears to happen.
The centaur warrior hits your lightning spire!
The centaur warrior kicks your lightning spire but does no damage.
Your lightning spire shoots out a bolt of lightning at the centaur warrior!
The bolt of electricity hits the centaur warrior!
The bolt of electricity hits the yak!
The yak dies!
Unknown command.
The centaur warrior wields a +0 longbow.
The centaur warrior shoots an arrow.
The arrow hits your lightning spire!!
Your lightning spire is destroyed!
The yak gores you but does no damage.
The centaur warrior shoots an arrow.
The arrow hits you!!
* * * LOW HITPOINT WARNING * * *
Unknown command.
Your crimson imp blinks!
Really quaff the potion of lignification?
You turn into a tree.
Your +0 helmet melds into your body.
Your +2 robe of willpower {Sigmund} melds into your body.
You feel less strong-willed.
Your roots penetrate the ground.
The yak gores you but does no damage. x2
You sock the yak!
You kill the yak!
The centaur warrior shoots an arrow.
The arrow hits you!!
* * * LOW HITPOINT WARNING * * *
The yak gores you.
You die...

.#.....#
......#
###.....##.
#..).......
#.#..#
#....####
#...<...#
####.##.#
#.♣.c#
###Y.#
#Y.....#
#)........
.†....5...
.#.......#.
.......[..#
..
.....####
......##.#


You could see a centaur warrior, 2 yaks and a friendly crimson imp (summoned).

Vanquished Creatures
  Pikel (D:6)
  A shadow (D:8)
  A yak (D:9)
  A water moccasin (D:5)
  A necrophage (D:5)
  An ice beast (D:6)
  A kobold brigand (D:7)
  A bullfrog (D:6)
  A scorpion (D:6)
  A wyvern skeleton (D:7)
  3 wights
  3 hounds
  A gnoll shaman (D:4)
  A jelly (D:7)
  An iguana (D:5)
  Ijyb (D:3)
  A scorpion zombie (D:5)
  Natasha (D:3)
  An orc wizard (D:6)
  3 gnolls (D:4)
  An adder (D:2)
  An ufetubus (D:5)
  2 dart slugs
  8 orcs
  2 ball pythons
  2 endoplasms
  2 giant cockroaches
  6 goblins
  5 hobgoblins
  3 jackals
  6 kobolds
  2 quokkas
  3 bats
  2 frilled lizards
  2 rats (D:2)
73 creatures vanquished.

Vanquished Creatures (collateral kills)
  A wyvern (D:7)
  Sigmund (D:3)
  A yak (D:9)
  Edmund (D:5)
  A water moccasin (D:6)
  A phantom (D:6)
  A centaur (D:9)
  A lemure (D:6)
  Blork the orc (D:5)
  A bullfrog (D:8)
  A wyvern zombie (D:7)
  2 scorpions
  A wyvern skeleton (D:7)
  12 wights
  4 orc priests
  2 gnoll shamans
  An iguana (D:5)
  Jessica (D:3)
  Terence (D:3)
  Natasha (D:3)
  4 orc wizards
  Robin (D:3)
  12 gnolls
  2 adders
  A howler monkey skeleton (D:4)
  A white imp (D:7)
  An ufetubus (D:7)
  An adder zombie (D:5)
  2 worms (D:3)
  2 dart slugs (D:1)
  14 orcs
  5 endoplasms
  12 goblins
  5 hobgoblins
  3 jackals
  4 quokkas
  4 ball pythons
  A frilled lizard (D:3)
  5 kobolds
  2 rats (D:1)
118 creatures vanquished.

Vanquished Creatures (others)
  10 plants (D:6)
10 creatures vanquished.

Grand Total: 201 creatures vanquished

Notes
Turn   | Place    | Note
-------+----------+-------------------------------------------
     0 | D:1      | mainiacjoe the Demigod Summoner began the quest for the
                  | Orb.
     0 | D:1      | Reached XP level 1. HP: 14/14 MP: 5/5
   561 | D:1      | Reached XP level 2. HP: 19/20 MP: 7/7
   564 | D:1      | Learned a level 2 spell: Call Imp
   606 | D:1      | Reached skill level 4 in Summonings
  1802 | D:2      | Reached XP level 3. HP: 25/26 MP: 3/9
  2707 | D:3      | Noticed Robin
  2853 | D:3      | Learned a level 3 spell: Call Canine Familiar
  2889 | D:3      | Reached XP level 4. HP: 8/33 MP: 3/10
  3344 | D:3      | Killed Robin
  3345 | D:3      | Reached skill level 5 in Summonings
  3842 | D:3      | Noticed Natasha
  3857 | D:3      | Killed Natasha
  3860 | D:3      | Noticed Jessica
  3866 | D:3      | Killed Jessica
  3867 | D:3      | Reached XP level 5. HP: 38/38 MP: 6/12
  3910 | D:3      | Noticed Sigmund
  4027 | D:3      | Killed Sigmund
  4313 | D:3      | Noticed Terence
  4336 | D:3      | Killed Terence
  4398 | D:3      | Noticed Ijyb
  4428 | D:3      | Killed Ijyb
  5069 | D:3      | Noticed Natasha
  5083 | D:3      | Killed Natasha
  5163 | D:4      | Reached skill level 6 in Summonings
  5169 | D:4      | Reached XP level 6. HP: 37/45 MP: 8/14
  5174 | D:4      | Learned a level 4 spell: Summon Lightning Spire
  5369 | D:4      | Found a staircase to the Ecumenical Temple.
  5550 | D:4      | Reached skill level 1 in Air Magic
  6050 | D:5      | Entered Level 5 of the Dungeon
  6316 | D:5      | Noticed Edmund
  6316 | D:5      | Noticed Blork the orc
  6330 | D:5      | Killed Blork the orc
  6354 | D:5      | Killed Edmund
  6355 | D:5      | Reached XP level 7. HP: 16/50 MP: 6/16
  6605 | D:5      | Found a runed translucent gate.
  6605 | D:5      | Found a runed translucent gate.
  6605 | D:5      | Found a runed translucent gate.
  6607 | D:5      | Noticed SunEater's ghost (novice MiFi)
  6814 | D:5      | Found a runed translucent door.
  6815 | D:5      | Noticed Crazy Yiuf
  6950 | D:5      | Reached skill level 7 in Summonings
  7768 | D:6      | Noticed Pikel
  7783 | D:6      | Killed Pikel
  7784 | D:6      | Reached skill level 8 in Summonings
  7967 | D:6      | Reached XP level 8. HP: 24/57 MP: 17/17
  8257 | D:6      | Identified the +8 dagger of Fortitude {pain, rPois Str+5
                  | Int-4}
  8739 | D:6      | Reached skill level 9 in Summonings
 10105 | D:7      | Reached skill level 10 in Summonings
 10112 | D:7      | Learned a level 6 spell: Shadow Creatures
 12192 | D:9      | Noticed a centaur warrior
 12196 | D:9      | Reached XP level 9. HP: 41/63 MP: 7/18
 12200 | D:9      | HP: 1/94 [centaur warrior/arrow (18)]
 12200 | D:9      | Slain by a yak

Illustrated notes

Levels and vault maps discovered:
D:1:      lemuel_arrival_muddy, layout_basic, st_stairs_2
D:2:      minmay_chambers_of_ones, layout_rooms, basic_altar
D:3:      layout_basic, uniq_sigmund, uniq_jessica, uniq_terence, uniq_natasha,
          uniq_ijyb, uniq_robin
D:4:      layout_rooms, temple_pool_b, serial_curves, eino_curves_02,
          eino_curves_03, eino_curves_03
D:5:      layout_loops_corners, gammafunk_ghost_necromancy,
          uniq_crazy_yiuf_cottage, uniq_edmund, uniq_blork_the_orc
D:6:      wad_lake_hut, layout_basic, mainiacjoe_overflow_catwalk,
          serial_corexii_hall, chequers_hall_statues_corner_a,
          corexii_hall_statues_i, corexii_hall_statues_deadend,
          corexii_hall_statues_l, chequers_hall_statues_corner_a,
          corexii_hall_statues_i, uniq_pikel
D:7:      layout_rooms, kennysheep_mini_moat
D:8:      layout_loops_corners, mainiacjoe_overflow_24_doors, minivault_25,
          minmay_misc_feat_iff
D:9:      layout_basic, erik_orc_3

Skill      XL: |  1  2  3  4  5  6  7  8 |
---------------+-------------------------+-----
Spellcasting   | 2 3 4 |  4.0
Summonings     | 4 5 6 8 10 | 10.9
Air Magic      | 1 2 |  2.0
Fighting       | |  0.3
Dodging        | |  1.9
Stealth        | |  1.7

Action                   |  1- 3 |  4- 6 |  7- 9 || total
-------------------------+-------+-------+-------++-------
Melee: Hand axe          |    21 |    27 |       ||    48
       Unarmed           |     3 |       |       ||     3
       Trident           |    68 |    53 |       ||   121
       Halberd           |       |    21 |    57 ||    78
       Dire flail        |       |       |    24 ||    24
       Whip              |       |       |    34 ||    34
Throw: Stone             |    36 |    29 |    14 ||    79
       Dart              |       |       |     8 ||     8
 Cast: Summon Small Mamm |    42 |       |       ||    42
       Call Imp          |    18 |    38 |    23 ||    79
       Call Canine Famil |     2 |    20 |    18 ||    40
       Summon Lightning  |       |       |    23 ||    23
Evoke: Wand              |       |     2 |     2 ||     4
  Use: Scroll            |     1 |     3 |     7 ||    11
       Potion            |       |       |     3 ||     3
 Stab: Distracted        |     2 |     2 |     1 ||     5
       Sleeping          |     4 |     4 |       ||     8
Armor: Robe              |    24 |    26 |    29 ||    79
       Skin              |       |       |     2 ||     2
Dodge: Dodged            |    58 |    62 |    80 ||   200
